 Dungeon Crawl Stone Soup version 0.17-a0-1655-g88a8506 (webtiles) character file.

135 nuthulu the Firebug (level 5, -11/28 HPs)
             Began as a Gargoyle Fire Elementalist on Aug 15, 2015.
             Was an Initiate of Vehumet.
             Engulfed by a cloud of flame (19 damage)
             ... on level 2 of the Dungeon.
             The game lasted 00:06:50 (2334 turns).

nuthulu the Firebug (Gargoyle Fire Elementalist)    Turns: 2334, Time: 00:06:50

Health: -11/28     AC:  6    Str: 12    XL:     5   Next: 18%
Magic:  5/9        EV: 12    Int: 15    God:    Vehumet [......]
Gold:   98         SH:  0    Dex: 11    Spells: 3 memorised, 3 levels left

rFire  . . .     SeeInvis .     k - +0 mace
rCold  . . .     Clarity  .     a - +0 robe
rNeg   + . .     SustAt   .     (no shield)
rPois  ∞         Gourm    .     (no helmet)
rElec  +         Spirit   .     (no cloak)
rCorr  .         Warding  .     (no gloves)
rMut   .         Stasis   .     (no boots)
MR     .....                    (no amulet)
Stlth  ++........               (no ring)
                                (no ring)

@: not resistant to hostile enchantments, unstealthy
A: negative energy resistance 1, electricity resistance, unbreathing,
petrification resistance, rot immunity, AC +4
a: Renounce Religion


You were on level 2 of the Dungeon.
You worshipped Vehumet.
Vehumet was noncommittal.
You were not hungry.

You visited 1 branch of the dungeon, and saw 3 of its levels.

You collected 98 gold pieces.

Inventory:

Hand weapons
 j - a +0 whip
 k - a +0 mace (weapon)
Armour
 a - a +0 robe (worn)
Jewellery
 f - a +1 ring of protection {unknown}
Magical devices
 n - a wand of magic darts (31)
Potions
 d - a potion of flight
 g - 3 potions of agility
 h - a potion of resistance {unknown}
 i - a potion of haste {unknown}
 l - a potion of heal wounds {unknown}
Books
 b - a book of Flames

   Spells                             Type                      Level
   a - Flame Tongue                   Conjuration/Fire             1
   b - Throw Flame                    Conjuration/Fire             2
   c - Conjure Flame                  Conjuration/Fire             3
   d - Inner Flame                    Hexes/Fire                   3
   e - Sticky Flame                   Conjuration/Fire             4
   f - Fireball                       Conjuration/Fire             5
Comestibles
 c - 4 bread rations
 m - 2 chunks of flesh
 o - a beef jerky


   Skills:
 - Level 1.5 Dodging
 - Level 2.1 Stealth
 + Level 3.1 Spellcasting
 + Level 2.9 Conjurations
 * Level 4.2 Fire Magic


You had 3 spell levels left.
You knew the following spells:

 Your Spells              Type           Power        Failure   Level  Hunger
a - Flame Tongue          Conj/Fire      ##...        6%          1    #......
b - Conjure Flame         Conj/Fire      ##......     17%         3    ###....
c - Inner Flame           Hex/Fire       #.......     30%         3    ###....


Dungeon Overview and Level Annotations

Branches:
Dungeon (3/15)

Altars:
Kikubaaqudgha
Vehumet

Annotations:
D:3 Natasha, Robin


Innate Abilities, Weirdness & Mutations

You are resistant to torment.
Your stone body is resilient (AC +4).
You are immune to poison.
You resist negative energy.
You are resistant to electric shocks.
You can survive without breathing.
You are immune to petrification.
You are immune to rotting.


Message History

You see here a stone.
The goblin shoots a stone.
The stone hits you.
You see here a stone.
The goblin shoots a stone.
The stone misses you.
The goblin shoots a stone.
The stone misses you.
Your magical contamination has completely faded away.
Casting: Flame Tongue
Confirm with . or Enter, or press ? or * to list all spells.
Aiming: Flame Tongue
Press: ? - help, Shift-Dir - straight line, f - goblin
Aim: a goblin, wielding a dagger (inner flame)
The flame tongue hits the goblin.
The goblin explodes!
The fiery explosion engulfs you!
Ouch! That really hurt!
* * * LOW HITPOINT WARNING * * *
Vehumet accepts your kill.
You are engulfed in roaring flames.
Ouch! That really hurt!
You die...

.######..## .......#..###
.#####......#########
.#########..#.......##
.....................#
..........#..........#
...(......##.........#
######..####.........# ##
##....#....@§§..#
.#########......§§§..# ......#
###.....§§..#
#####.######.........## ..#
#..##.............#
#.####.....#######.##.#########
#..######..## #.#..........#
....#####...######.#..........#
###.......#.....##............#


There were no monsters in sight!

Vanquished Creatures
  Natasha (D:3)
  5 adders
  2 gnolls (D:3)
  3 worms
  A giant gecko (D:1)
  9 goblins
  4 hobgoblins
  5 kobolds
  5 bats
  A giant newt (D:2)
  7 rats
43 creatures vanquished.

Notes
Turn   | Place    | Note
--------------------------------------------------------------
     0 | D:1      | nuthulu the Gargoyle Fire Elementalist began the quest for the Orb.
     0 | D:1      | Reached XP level 1. HP: 10/10 MP: 3/3
    69 | D:1      | Reached XP level 2. HP: 15/15 MP: 1/5
   944 | D:2      | Reached XP level 3. HP: 19/19 MP: 2/6
   949 | D:2      | Learned a level 3 spell: Conjure Flame
  1135 | D:2      | Reached XP level 4. HP: 12/24 MP: 1/8
  1237 | D:2      | Learned a level 3 spell: Inner Flame
  1280 | D:2      | Found a radiant altar of Vehumet.
  1302 | D:2      | Became a worshipper of Vehumet
  1747 | D:3      | Noticed Natasha
  1751 | D:3      | Killed Natasha
  1751 | D:3      | Reached skill level 4 in Fire Magic
  1917 | D:3      | Reached XP level 5. HP: 21/28 MP: 3/9
  2045 | D:3      | Found an ancient bone altar of Kikubaaqudgha.
  2238 | D:3      | Noticed Natasha
  2302 | D:3      | Noticed Robin
  2334 | D:2      | Engulfed by a cloud of flame

Vault maps used:
D:1:      lightli_arrival_maybe_door_vault, minmay_splitting_lines,
          item_on_display_a
D:2:      vehumet_crystals
D:3:      xom_butterflies, lightli_temple_of_fire, kiku_gazebo_pond_becter,
          uniq_sigmund, uniq_robin, uniq_natasha

Action                   |  1- 3 |  4- 6 || total
-------------------------+-------+-------++-------
Melee: Unarmed           |     1 |     2 ||     3
       Whip              |     7 |       ||     7
       Mace              |     5 |    14 ||    19
 Cast: Flame Tongue      |    39 |    41 ||    80
       Conjure Flame     |       |     2 ||     2
       Inner Flame       |       |     1 ||     1
  Use: Scroll            |     2 |     4 ||     6
  Eat: Chunk             |       |     6 ||     6
